 Dungeon Crawl Stone Soup version 0.22-a0-48-g8770677 (webtiles) character file.

926 gmonis the Basher (level 7, -1/58 HPs)
             Began as a Minotaur Berserker on Jan 7, 2018.
             Was a Priest of Trog.
             Slain by Grinder (4 damage)
             ... on level 4 of the Dungeon.
             The game lasted 00:04:46 (4249 turns).

gmonis the Basher (Minotaur Berserker)              Turns: 4249, Time: 00:04:48

Health: -1/58      AC:  3    Str: 23    XL:     7   Next: 85%
Magic:  6/6        EV: 12    Int:  4    God:    Trog [***...]
Gold:   243        SH:  0    Dex: 10    Spells: 6/6 levels left

rFire    . . .     SeeInvis .   a - +0 mace
rCold    . . .     Gourm    .   (no shield)
rNeg     . . .     Faith    .   n - +0 leather armour
rPois    .         Spirit   .   (helmet restricted)
rElec    .         Reflect  .   (no cloak)
rCorr    .         Harm     .   (no gloves)
MR       .....                  (no boots)
Stlth    ++........             (no amulet)
HPRegen  0.19/turn              f - ring of stealth
MPRegen  0.10/turn              (no ring)

@: starving
A: retaliatory headbutt, horns 2
a: Berserk, Trog's Hand, Burn Spellbooks, Renounce Religion


You were on level 4 of the Dungeon.
You worshipped Trog.
Trog was most pleased with you.
You were starving.

You visited 1 branch of the dungeon, and saw 4 of its levels.

You collected 243 gold pieces.

Inventory:

Hand Weapons
 a - a +0 mace (weapon)
Missiles
 l - 125 stones (quivered)
Armour
 b - a +0 animal skin
 n - a +0 leather armour (worn)
Jewellery
 f - a ring of stealth (left hand)
Wands
 p - a wand of paralysis (6)
Scrolls
 d - 2 scrolls of enchant weapon {unknown}
 e - 3 scrolls of remove curse {unknown}
 g - 3 scrolls of identify {unknown}
 j - 4 scrolls of teleportation {unknown}
 k - a scroll of amnesia {unknown}
 q - a scroll of noise {unknown}
Potions
 h - 3 potions of heal wounds {unknown}
 i - a potion of cancellation {unknown}
 m - a potion of agility {unknown}
 o - 2 potions of lignification {unknown}
 r - 2 potions of curing {unknown}
 s - a potion of resistance
Comestibles
 c - 4 rations


   Skills:
 - Level 3.9 Fighting
 + Level 11.0 Maces & Flails
 - Level 2.5 Armour
 - Level 2.3 Dodging


You had 6 spell levels left.
You didn't know any spells.

Dungeon Overview and Level Annotations

Branches:
Dungeon (4/15)
 Temple: D:4-7

Altars:
Gozag
Kikubaaqudgha
Nemelex Xobeh
Xom
Zin

Annotations:
D:4 Grinder


Innate Abilities, Weirdness & Mutations

You reflexively headbutt those who attack you in melee.
You have a pair of horns on your head.


Message History

You completely miss Grinder. Your headbutt misses Grinder.
Grinder is heavily wounded.
Grinder hits you.
You writhe in agony.
You closely miss Grinder. Your headbutt misses Grinder.
Grinder is heavily wounded.
Grinder hits you.
* * * LOW HITPOINT WARNING * * *
You writhe in agony.
* * * LOW HITPOINT WARNING * * *
You hit Grinder.
Grinder is heavily wounded.
Grinder blinks!
Grinder barely misses you.
You hit Grinder but do no damage.
Grinder is heavily wounded.
Grinder says, "I used to sell toenails on the black market."
Grinder hits you.
* * * LOW HITPOINT WARNING * * *
You writhe in agony.
You die...

#. ...^^^.. ##.#.##... #..
....... ..........
#..##.#..# #.##........
#....>...# ...#......##
#.......# ...........# #.#
........... #####.########
#........# #.(..........#
#.##.....##
#.##########@#####.#
#....## #5.....# #.#.####
##.####.####.#.....
#............#.#.#.
######....##.######..###
#........###.## #.......
#.#####.####..###.#..#.#
.........................
...........................


You could see Grinder.

Vanquished Creatures
  The ghost of Klosterheim the Skirmisher, an amateur OgSk (D:4)
  Eustachio (D:4)
  The ghost of gmonis the Bolt Thrower, an amateur CeHu (D:3)
  A bullfrog (D:3)
  An orc wizard (D:3)
  Ijyb (D:3)
  3 worker ants
  3 gnolls (D:2)
  9 adders
  An ooze (D:1)
  4 worms
  A dart slug (D:3)
  6 leopard geckos
  8 orcs
  4 bats
  2 giant cockroaches (D:2)
  12 goblins
  4 hobgoblins
  2 jackals (D:3)
  2 quokkas
  4 ball pythons
  4 frilled lizards
  8 kobolds
  6 rats
89 creatures vanquished.

Notes
Turn   | Place    | Note
-------+----------+-------------------------------------------
     0 | D:1      | gmonis the Minotaur Berserker began the quest for the Orb.
     0 | D:1      | Reached XP level 1. HP: 19/19 MP: 0/0
   168 | D:1      | Reached XP level 2. HP: 23/27 MP: 1/1
   180 | D:1      | Reached skill level 4 in Maces & Flails
   414 | D:2      | Found a sparkling altar of Nemelex Xobeh.
   420 | D:2      | Reached XP level 3. HP: 33/33 MP: 2/2
   424 | D:2      | Reached skill level 5 in Maces & Flails
   772 | D:2      | Reached XP level 4. HP: 38/40 MP: 3/3
   855 | D:2      | Found a faded altar of an unknown god.
   998 | D:2      | Found a shimmering altar of Xom.
  1024 | D:2      | Reached ** piety under Trog
  1024 | D:2      | Reached skill level 6 in Maces & Flails
  1773 | D:2      | Reached XP level 5. HP: 38/46 MP: 4/4
  2046 | D:3      | Found an ancient bone altar of Kikubaaqudgha.
  2082 | D:3      | Reached skill level 7 in Maces & Flails
  2113 | D:3      | Noticed Ijyb
  2117 | D:3      | Paralysed by Ijyb for 3 turns
  2139 | D:3      | Paralysed by Ijyb for 5 turns
  2147 | D:3      | Killed Ijyb
  2707 | D:3      | Found a glowing silver altar of Zin.
  2708 | D:3      | Found an opulent altar of Gozag.
  2836 | D:3      | Reached skill level 8 in Maces & Flails
  2836 | D:3      | Reached XP level 6. HP: 16/52 MP: 5/5
  3065 | D:3      | Noticed gmonis's ghost (amateur CeHu)
  3074 | D:3      | Killed gmonis's ghost
  3074 | D:3      | Reached skill level 9 in Maces & Flails
  3278 | D:3      | Found a sparkling altar of Nemelex Xobeh.
  3652 | D:4      | Noticed Eustachio
  3662 | D:4      | Killed Eustachio
  3662 | D:4      | Reached XP level 7. HP: 54/58 MP: 6/6
  3883 | D:4      | Reached skill level 10 in Maces & Flails
  4022 | D:4      | Reached *** piety under Trog
  4038 | D:4      | Noticed Klosterheim's ghost (amateur OgSk)
  4061 | D:4      | Killed Klosterheim's ghost
  4061 | D:4      | Reached skill level 11 in Maces & Flails
  4216 | D:4      | Noticed Grinder
  4218 | D:4      | Found a shimmering altar of Xom.
  4225 | D:4      | Paralysed by Grinder for 5 turns
  4239 | D:4      | Paralysed by Grinder for 3 turns
  4249 | D:4      | Slain by Grinder

Vault maps used:
D:1:      dpeg_arrival_chambers_temple_mockup
D:2:      minmay_diamond_boxcup, nemelex_xobeh_ov_fountains_minmay,
          overflow_temple_1_default, chequers_ecumenical_altar_simple
D:3:      kennysheep_the_goblin_king, grunt_temple_overflow_gold_and_silver,
          overflow_temple_1_default, grunt_decor_mini_mirrors,
          nemelex_spade_bored_becter
D:4:      minmay_goblin_kobold_castle, minmay_temple_entry_enclosed_plants,
          first_ration, xom_teletrap_fun, uniq_grinder, uniq_eustachio

Skill      XL: |  1  2  3  4  5  6  7 |
---------------+----------------------+-----
Maces & Flails | 4 5 6 8 9 11 | 11.0
Fighting       | |  3.9
Armour         | |  2.5
Dodging        | |  2.3

Action                   |  1- 3 |  4- 6 |  7- 9 || total
-------------------------+-------+-------+-------++-------
Melee: Mace              |    41 |   146 |    42 ||   229
       Headbutt          |     3 |    22 |     6 ||    31
Invok: Berserk           |       |     1 |     1 ||     2
 Stab: Sleeping          |     2 |     9 |     1 ||    12
  Eat: Chunk             |       |     9 |     1 ||    10
Armor: Animal skin       |     2 |     4 |       ||     6
       Leather armour    |       |    22 |     7 ||    29
Dodge: Dodged            |    31 |    83 |    12 ||   126

Table legend:
 A = Spawn XP
 B = Non-spawn XP
 C = Spawn XP percentage of total XP
 D = Spawn monster count
 E = Non-spawn monster count
 F = Spawn count percentage of total count
 G = Total turns spent on level
                    A         B        C        D         E        F      G
               +---------+---------+-------+---------+---------+-------+---------
         Total |       0 |    1324 |   0.0 |       0 |      89 |   0.0 |  4249
               +---------+---------+-------+---------+---------+-------+---------
           D:1 |       0 |      26 |   0.0 |       0 |      12 |   0.0 |   413
           D:2 |       0 |     189 |   0.0 |       0 |      34 |   0.0 |  1552
           D:3 |       0 |     452 |   0.0 |       0 |      33 |   0.0 |  1672
           D:4 |       0 |     657 |   0.0 |       0 |      10 |   0.0 |   612
               +---------+---------+-------+---------+---------+-------+---------
